 Dungeon Crawl Stone Soup version 0.30-a0-371-gad7725a93e (webtiles) character file.

Game seed: 2241435372921345607

327 garrulousMonolith the Covered (level 6, 0/38 HPs)
             Began as a Gargoyle Fighter on Nov 22, 2022.
             Slain by an orc
             ... wielding a +2 flail of protection
              (9 damage)
             ... on level 3 of the Dungeon.
             The game lasted 00:05:06 (1523 turns).

garrulousMonolith the Covered (Gargoyle Fighter)    Turns: 1523, Time: 00:05:07

Health: 0/38       AC: 11    Str: 20    XL:     6   Next: 50%
Magic:  7/7        EV:  9    Int:  8    God:
Gold:   58         SH:  4    Dex: 11    Spells: 5/5 levels left

rFire   . . .      SeeInvis .    a - +0 flail
rCold   . . .      Faith    .    c - +0 buckler
rNeg    + . .      Spirit   .    b - +0 scale mail
rPois   ∞          Reflect  .    (no helmet)
rElec   +          Harm     .    (no cloak)
rCorr   .          Rampage  .    (no gloves)
Will    .....                    (no boots)
Stlth   ..........               (no amulet)
HPRegen 0.26/turn                (no ring)
MPRegen 0.10/turn                (no ring)

@: mighty
A: sickness immunity, AC +4, negative energy resistance 1, electricity
resistance, torment resistance 1, petrification resistance
a: no special abilities


You were on level 3 of the Dungeon.
You visited 1 branch of the dungeon, and saw 3 of its levels.

You collected 58 gold pieces.

Inventory:

Hand Weapons
 a - a +0 flail (weapon)
Missiles
 e - 6 poisoned darts (quivered)
 n - 6 boomerangs
 p - a throwing net
Armour
 b - a +0 scale mail (worn)
 c - a +0 buckler (worn)
Scrolls
 h - a scroll of amnesia {unknown}
 k - 3 scrolls of identify {unknown}
 l - a scroll of blinking {unknown}
 m - a scroll of fear {unknown}
 o - 2 scrolls of teleportation {unknown}
 q - a scroll of immolation {unknown}
Potions
 f - 2 potions of attraction {unknown}
 g - a potion of lignification {unknown}
 i - 2 potions of curing {unknown}
 j - a potion of haste {unknown}
 r - a potion of heal wounds {unknown}


   Skills:
 + Level 4.1 Fighting
 * Level 4.0 Maces & Flails
 + Level 4.1 Armour
 + Level 1.6 Dodging
 + Level 4.1 Shields
 + Level 2.4 Invocations


You had 5 spell levels left.
You didn't know any spells.
Your spell library was empty.

Dungeon Overview and Level Annotations

Branches:
Dungeon (3/15)

Altars:
Fedhas
Gozag


Innate Abilities, Weirdness & Mutations

You are immune to sickness and miasma.
Your stone body is resilient. (AC +4)
You are immune to poison.
You resist negative energy. (rN+)
You are resistant to electric shocks. (rElec)
You are resistant to unholy torment.
You are immune to petrification.


Message History

The worm closely misses you.
You completely miss something. Something hits you but does no damage.
The orc barely misses you. The frilled lizard barely misses you.
The worm closely misses you.
You barely miss something. The orc hits you but does no damage.
Something hits you but does no damage. The frilled lizard barely misses you.
The frilled lizard bites you but does no damage.
The orc hits you but does no damage.
You hear some strange, mumbled words.
A puff of flame appears from out of thin air!
The puff of flame hits you but does no damage.
You closely miss something. The worm bites you but does no damage.
The frilled lizard hisses.
The frilled lizard bites you but does no damage.
The orc hits you but does no damage. Something hits you but does no damage.
You miss something. Something hits you.
The frilled lizard bites you but does no damage.
The orc hits you but does no damage. The worm bites you but does no damage.
You miss something.
You hear some strange, mumbled words.
A puff of flame appears from out of thin air!
The puff of flame misses you.
The puff of flame hits the orc!
The orc dies!
The frilled lizard bites you but does no damage.
You block the worm's attack.
You barely miss the worm.
The worm is heavily wounded.
The orc hits you with a +2 flail of protection!
* * * LOW HITPOINT WARNING * * *
Something hits you but does no damage. You block the frilled lizard's attack.
The orc hits you but does no damage.
You hear some strange, mumbled words.
A magic dart appears from out of thin air!
The magic dart hits you but does no damage.
The frilled lizard bites you but does no damage.
You sock the worm!
You kill the worm!
The quokka bites you but does no damage.
The orc hits you with a +2 flail of protection!
You die...

#.#.##
..#.......#....#
..#=..S...#....#
#.§..._...#....#
#.#.....$.#....#
#.#...SK..#....####
####. ..... #........
#....####.####).......
#)o{@oo.............
#..r#l..###.#...#.##
#...#.### #.#...#.#
##.##.# #.#..†#.# ..
..# #.#...#.#
##.########.#...#.###
#. #...>.......#.. ..
#.#####........
............


You could see 3 orcs, a quokka and a frilled lizard.

Vanquished Creatures
  Sigmund (D:2)
  5 gnolls
  6 adders
  A worm (D:3)
  2 dart slugs (D:1)
  An orc (D:3)
  7 ball pythons
  7 endoplasms
  3 giant cockroaches
  6 hobgoblins
  3 jackals (D:1)
  4 quokkas
  5 bats
  A frilled lizard (D:2)
  7 kobolds
  5 rats
64 creatures vanquished.

Vanquished Creatures (others)
  An orc (D:3)
1 creature vanquished.

Grand Total: 65 creatures vanquished

Notes
Turn   | Place    | Note
-------+----------+-------------------------------------------
     0 | D:1      | garrulousMonolith the Gargoyle Fighter began the quest for
                  | the Orb.
     0 | D:1      | Reached XP level 1. HP: 14/14 MP: 1/1
    48 | D:1      | Reached XP level 2. HP: 19/19 MP: 2/2
   143 | D:1      | Reached XP level 3. HP: 23/23 MP: 3/3
   200 | D:1      | Reached skill level 1 in Invocations
   596 | D:2      | Reached XP level 4. HP: 28/28 MP: 3/5
   860 | D:2      | Noticed Sigmund
   879 | D:2      | Killed Sigmund
   880 | D:2      | Reached skill level 1 in Dodging
   880 | D:2      | Reached XP level 5. HP: 16/33 MP: 6/6
   880 | D:2      | Reached XP level 6. HP: 19/38 MP: 7/7
  1436 | D:3      | Found an opulent altar of Gozag.
  1486 | D:3      | Found a blossoming altar of Fedhas.
  1523 | D:3      | Slain by an orc

Illustrated notes

Levels and vault maps discovered:
D:1:      minmay_arrival_shoal_huts, layout_rooms, minmay_misc_feat_roman
D:2:      layout_loops_cross, uniq_sigmund
D:3:      layout_loops_cross, general_overflow_altar,
          mainiacjoe_overflow_cross_hatched, lemuel_tele_altar,
          amethyst_killhole

Skill      XL: |  1  2  3  4  5  6 |
---------------+-------------------+-----
Invocations    | 1 2 |  2.4
Maces & Flails | 3 4 |  4.0
Fighting       | 4 |  4.1
Armour         | 4 |  4.1
Dodging        | 1 |  1.6
Shields        | 4 |  4.1

Action                   |  1- 3 |  4- 6 || total
-------------------------+-------+-------++-------
Melee: Flail             |   110 |   135 ||   245
  Use: Potion            |       |     2 ||     2
Armor: Scale mail        |    76 |   109 ||   185
Dodge: Dodged            |    79 |    81 ||   160
Block: Buckler           |    24 |    29 ||    53

Table legend: (Time is in decaauts)
 A = Elapsed time spent in this place.
 B = Non-inter-level travel time spent in this place.
 C = Inter-level travel time spent in this place.
 D = Time resting spent in this place.
 E = Time spent auto-exploring this place.
 F = Levels seen in this place.
 G = Mean time per level.
                   A        B        C        D        E       F      G
               +--------+--------+--------+--------+--------+-----+--------+
         Total |   1593 |   1548 |     45 |    128 |    904 |   3 |  531.0 |
       Dungeon |   1593 |   1548 |     45 |    128 |    904 |   3 |  531.0 |
               +--------+--------+--------+--------+--------+-----+--------+

Top non-repeatable levels by time:
     D:2: 878 daAuts
     D:1: 546 daAuts
     D:3: 168 daAuts
